 Dungeon Crawl Stone Soup version 0.19-a0-27-g415f530 (webtiles) character file.

233 M4edhros the Insei (level 6, -2/36 HPs)
             Began as an Octopode Necromancer on May 1, 2016.
             Was an Initiate of Cheibriados.
             Slain by a wyvern skeleton (12 damage)
             ... on level 7 of the Dungeon.
             The game lasted 00:04:19 (799 turns).

M4edhros the Insei (Octopode Necromancer)            Turns: 799, Time: 00:04:20

Health: -2/36      AC:  1    Str:  7 (10) XL:     6   Next: 5%
Magic:  3/9        EV: 12    Int: 21 (23) God:    Cheibriados [......]
Gold:   82         SH:  0    Dex: 11 (14) Spells: 3 memorised, 4 levels left

rFire  . . .     SeeInvis .       - Unarmed
rCold  . . .     Gourm    .     (no shield)
rNeg   . . .     Faith    +     (helmet restricted)
rPois  .         Spirit   .     e - amulet of faith
rElec  .         Dismiss  .     h - ring of wizardry
rCorr  .         Reflect  .     (no ring)
SustAt .         Harm     .     (no ring)
MR     .....                    (no ring)
Stlth  +++.......               (no ring)
                                (no ring)
                                (no ring)
                                (no ring)

@: brilliant, regenerating (expiring), very slow, not resistant to hostile
enchantments, fairly stealthy
A: almost no armour, amphibious, 8 rings, constrict 8, camouflage 1, gelatinous
body 1
a: Bend Time, Renounce Religion


You were on level 7 of the Dungeon.
You worshipped Cheibriados.
Cheibriados was noncommittal.
You were not hungry.

You visited 2 branches of the dungeon, and saw 8 of its levels.

You collected 82 gold pieces.

Inventory:

Jewellery
 e - an amulet of faith (around mantle)
 h - a ring of wizardry (left tentacle)
Scrolls
 c - a scroll of amnesia {unknown}
 f - a scroll of fog {unknown}
 g - a scroll of remove curse {unknown}
 k - a scroll of teleportation {unknown}
 l - a scroll of identify {unknown}
Books
 a - a book of Necromancy

   Spells                             Type                      Level
   a - Pain                           Necromancy                   1
   b - Animate Skeleton               Necromancy                   1
   c - Vampiric Draining              Necromancy                   3
   d - Regeneration                   Charms/Necromancy            3
   e - Animate Dead                   Necromancy                   4
   f - Control Undead                 Necromancy                   4
Comestibles
 b - 2 bread rations
 d - a meat ration


   Skills:
 - Level 2.0 Dodging
 - Level 2.6 Stealth
 + Level 5.6 Unarmed Combat
 - Level 2.0 Spellcasting
 - Level 4.0 Necromancy


You had 4 spell levels left.
You knew the following spells:

 Your Spells              Type           Power        Failure   Level  Hunger
a - Pain                  Necr           ####         1%          1    #......
b - Animate Skeleton      Necr           N/A          1%          1    #......
r - Regeneration          Chrm/Necr      ###.......   2%          3    ###....


Dungeon Overview and Level Annotations

Branches:
Dungeon (7/15)             Temple (1/1) D:5

Altars:
Ashenzari
Cheibriados
Dithmenos
Elyvilon
Gozag
Kikubaaqudgha
Pakellas
Qazlal
Sif Muna
Trog
Xom
The Shining One


Innate Abilities, Weirdness & Mutations

You cannot wear most types of armour.
You are amphibious.
You can wear up to eight rings at the same time.
You can use your tentacles to constrict eight enemies at once.
Your skin changes colour to match your surroundings (Stealth).
Your rubbery body absorbs attacks (AC +1).


Message History

The howler monkey bites you but does no damage.
Unknown command.
You tentacle-slap the wyvern skeleton.
The howler monkey hits you but does no damage.
The howler monkey barely misses you. The wyvern skeleton bites you!
Unknown command.
You tentacle-slap the wyvern skeleton but do no damage.
Your squeeze misses the wyvern skeleton.
The howler monkey hits you. The howler monkey closely misses you.
The wyvern skeleton barely misses you.
Unknown command.
You tentacle-slap the wyvern skeleton. The howler monkey hits you.
* * * LOW HITPOINT WARNING * * *
The howler monkey bites you.
* * * LOW HITPOINT WARNING * * *
Unknown command.
You tentacle-slap the wyvern skeleton.
Your skin is crawling a little less now.
The wyvern skeleton bites you!
You die...

#### . ...
....##$#######.#.
.......oZ@hh.....
....###c#####..#.
. .... .......
#...##... .....
...( .#.#. #...#
#.# <..#


You could see a centaur, 2 howler monkeys, an orc and a wyvern skeleton.

Vanquished Creatures
  A howler monkey (D:7)
  A centaur zombie (D:6)
  3 orc priests (D:5)
  An orc wizard (D:5)
  A worker ant (D:5)
  A worm (D:5)
  A dart slug (D:1)
  A giant gecko (D:5)
  An orc (D:5)
  2 giant cockroaches (D:1)
  2 goblins (D:1)
  A hobgoblin (D:1)
  A quokka (D:5)
  3 bats (D:1)
  A giant newt (D:1)
  A kobold (D:1)
  2 rats (D:1)
24 creatures vanquished.

Notes
Turn   | Place    | Note
--------------------------------------------------------------
     0 | D:1      | M4edhros the Octopode Necromancer began the quest for the Orb.
     0 | D:1      | Reached XP level 1. HP: 11/11 MP: 3/3
   171 | D:1      | Reached skill level 1 in Unarmed Combat
   201 | D:1      | Reached XP level 2. HP: 10/17 MP: 0/5
   276 | D:1      | Reached skill level 2 in Unarmed Combat
   401 | D:5      | Entered Level 5 of the Dungeon
   417 | D:5      | Reached skill level 3 in Unarmed Combat
   417 | D:5      | Reached XP level 3. HP: 5/21 MP: 0/6
   420 | D:5      | Learned a level 1 spell: Animate Skeleton
   424 | D:5      | Learned a level 3 spell: Regeneration
   491 | D:5      | Found a staircase to the Ecumenical Temple.
   496 | Temple   | Entered the Ecumenical Temple
   530 | Temple   | Became a worshipper of Cheibriados the Contemplative
   632 | D:5      | Reached XP level 4. HP: 22/27 MP: 2/7
   634 | D:5      | Reached skill level 4 in Unarmed Combat
   637 | D:5      | Reached XP level 5. HP: 28/31 MP: 2/8
   643 | D:5      | HP: 2/46 [orc priest/divine providence (17)]
   723 | D:5      | Reached skill level 5 in Unarmed Combat
   789 | D:7      | Reached XP level 6. HP: 29/36 MP: 2/9
   799 | D:7      | Slain by a wyvern skeleton

Vault maps used:
D:1:      arrival_zaba_pyramid
D:2:      fedhas_altar_fruit_tree
D:3:      hex_large, grunt_ministairs_2, small_statue_intersection, uniq_terence
D:4:      first_bread, serial_shops, shop, uniq_menkaure, uniq_natasha,
          uniq_duvessa
D:5:      temple_doors_e, hangedman_decor_lopped
D:6:      kennysheep_mini, grunt_gozag_statues
D:7:      serial_glass, glass_columns_a, glass_columns_b, basic_altar,
          grunt_livestock
Temple:   kilobyte_greek_temple_18

Skill      XL: |  1  2  3  4  5 |
---------------+----------------+-----
Unarmed Combat | 1 3 4 5 |  5.6
Dodging        | |  2.0
Stealth        | |  2.6
Spellcasting   | |  2.0
Necromancy     | |  4.0

Action                   |  1- 3 |  4- 6 || total
-------------------------+-------+-------++-------
Melee: Unarmed           |     7 |    38 ||    45
       Constrict         |     1 |     2 ||     3
       Punch             |     1 |     1 ||     2
       Tentacles         |       |     6 ||     6
 Cast: Pain              |    25 |       ||    25
       Regeneration      |     2 |     5 ||     7
Invok: Bend Time         |       |     1 ||     1
  Use: Potion            |     2 |     2 ||     4
  Eat: Chunk             |       |     1 ||     1
Armor: Skin              |     3 |     9 ||    12
Dodge: Dodged            |     6 |    22 ||    28
